Map: Lightshade LE

Players

eldelicioso

  • Race: Zerg Zerg
  • League: Diamond

ViBE - Winner!

  • Race: Terran Terran
  • League: Diamond

VOD

Have the link to the VOD?

Description

Time

  • Played on: April 7, 2021, 10:43 p.m.
  • Length: 26:39
Show
View Real Time Build Order
Export as new Build Order

eldelicioso Zerg 

Build Orders: Hatch First 

Get SALT Encoding   

  12  0:05  Drone  
  13  0:16  Overlord  
  13  0:20  Drone  
  14  0:35  Drone  
  14  0:36  Drone  
  16  0:46  Drone  
  17  0:56  Hatchery  
  16  1:04  Drone x2  
  18  1:18  Spawning Pool  
  18  1:21  Extractor, Drone  
  17  1:32  Drone x2  
  19  1:44  Drone  
  20  1:54  Overlord  
  20  2:10  Queen x2  
  20  2:15  Drone x2  
  26  2:21  Drone  
  26  2:22  Drone  
  28  2:26  Metabolic Boost  
  28  2:30  Drone x2  
  30  2:39  Overlord  
  30  2:44  Drone  
  31  2:47  Drone  
  32  2:57  Drone  
  33  3:01  Drone  
  34  3:12  Hatchery  
  34  3:15  Zergling x2  
  34  3:16  Zergling x4  
  36  3:20  Zergling x4  
  36  3:21  Zergling x4  
  36  3:22  Zergling x4  
  36  3:23  Zergling x2  
  43  3:32  Zergling x2  
  43  3:33  Overlord  
  44  3:44  Pneumatized Carapace  
  44  3:45  Lair  
  43  4:11  Drone  
  43  4:12  Drone x4  
  43  4:14  Extractor  
  44  4:25  Queen  
  44  4:29  Drone  
  44  4:30  Drone x5  
  52  4:42  Drone x5, Overlord  
  52  4:44  Overlord  
  53  4:57  Overlord  
  53  4:58  Extractor  
  52  5:01  Drone x6  
  52  5:04  Baneling Nest  
  57  5:15  Drone x2  
  59  5:23  Hatchery  
  59  5:25  Drone x5  
  59  5:26  Extractor  
  62  5:32  Drone x2  
  64  5:45  Overseer  
  64  5:47  Drone  
  65  5:53  Overlord  
  65  5:54  Overlord  
  66  5:57  Drone x3  
  66  5:58  Extractor  
  67  6:05  Infestation Pit  
  67  6:06  Centrifical Hooks  
  67  6:08  Evolution Chamber x2  
  64  6:15  Drone x4  
  68  6:28  Overseer  
  68  6:30  Drone  
  69  6:33  Drone x2, Hatchery  
  69  6:34  Drone  
  69  6:35  Zerg Melee Weapons Level 1, Zerg Ground Armor Level 1  
  69  6:36  Drone  
  69  6:38  Extractor  
  71  6:46  Drone x2  
  73  6:47  Drone  
  73  6:48  Drone x10  
  84  7:16  Hive  
  84  7:40  Drone x4  
  84  7:43  Overlord x2  
  84  7:44  Overlord  
  88  7:47  Pathogen Glands  
  88  7:51  Hatchery  
  88  7:54  Overlord  
  88  7:56  Overlord  
  88  7:57  Overlord  
  87  7:58  Overlord  
  87  8:02  Overlord  
  87  8:03  Overlord  
  87  8:04  Overlord  
  87  8:05  Overlord  
  87  8:10  Queen  
  89  8:14  Drone x2  
  89  8:17  Zergling x12  
  89  8:18  Zergling x14  
  89  8:19  Baneling x2  
  104  8:20  Baneling x4  
  104  8:32  Zergling x10  
  109  8:35  Ultralisk Cavern  
  108  8:42  Extractor  
  108  8:44  Overlord x4  
  107  8:51  Zergling x2  
  107  8:52  Zergling x16  
  112  9:12  Overseer  
  112  9:13  Overseer  
  112  9:14  Overlord  
  112  9:15  Overlord  
  112  9:16  Overlord  
  112  9:24  Zerg Melee Weapons Level 2, Zerg Ground Armor Level 2  
  112  9:25  Adrenal Glands  
  112  9:28  Chitinous Plating  
  112  9:32  Baneling x2  
  112  9:33  Extractor  
  111  10:15  Overseer  
  111  10:31  Overseer  
  111  10:49  Overseer  
  111  10:50  Overseer x2  
  111  11:13  Overseer  
  111  11:18  Overseer  
  111  11:22  Baneling  
  111  11:23  Baneling x6  
  111  11:29  Baneling x4  
  111  11:32  Hydralisk Den  
  100  12:00  Zergling x2  
  100  12:01  Zergling x50  
  113  12:02  Zergling x10  
  113  12:03  Ultralisk x3  
  113  12:07  Infestor x2  
  153  12:12  Zergling x2  
  153  12:13  Zergling x44  
  176  12:21  Overseer  
  176  12:26  Baneling x6  
  176  12:27  Baneling x6, Anabolic Synthesis  
  176  12:30  Zerg Ground Armor Level 3, Zerg Missile Weapons Level 1  
  176  12:35  Extractor  
  175  12:39  Baneling x2  
  157  12:45  Zergling x2  
  157  12:46  Zergling x46  
  157  12:47  Zergling x4  
  157  12:49  Baneling x5  
  157  12:50  Baneling x13  
  181  12:55  Baneling  
  181  12:56  Zergling x2, Baneling x2  
  181  12:57  Zergling x8  
  148  13:16  Queen x2  
  152  13:55  Overseer  
  152  13:56  Extractor, Overseer  
  152  13:58  Overseer  
  143  14:39  Overseer  
  134  14:56  Baneling  
  134  14:57  Baneling x19  
  134  15:01  Baneling  
  134  15:02  Baneling x9  
  134  15:03  Zergling x30  
  149  15:10  Muscular Augments  
  145  15:41  Zergling x26  
  145  15:42  Zergling x6  
  144  16:02  Baneling x3  
  144  16:03  Baneling x12  
  144  16:19  Baneling x2  
  144  16:20  Baneling x2  
  144  16:23  Hatchery  
  144  16:24  Hatchery  
  142  16:45  Baneling x12  
  142  16:50  Zergling x2  
  142  16:51  Zergling x28  
  158  17:02  Zergling x8  
  162  17:18  Baneling x6  
  135  17:30  Zergling x20  
  135  17:31  Zergling x18  
  153  17:53  Baneling  
  153  17:54  Baneling x5  
  153  18:21  Baneling x12  
  153  18:22  Baneling  
  153  18:25  Hatchery  
  152  18:31  Hatchery  
  118  19:06  Zergling x30  
  118  19:07  Zergling x6  
  132  19:16  Zerg Melee Weapons Level 3, Zerg Missile Weapons Level 2  
  102  19:21  Ultralisk x4  
  130  19:29  Baneling x5  
  130  19:30  Baneling x11  
  109  19:42  Zergling x2  
  109  19:43  Zergling x14  
  109  19:45  Queen x2  
  101  19:50  Zergling x6  
  101  19:51  Ultralisk  
  110  19:55  Ultralisk x2  
  110  19:56  Ultralisk x2  
  106  20:10  Zergling x4, Ultralisk x2  
  106  20:11  Zergling x2  
  118  20:26  Baneling x12  
  111  20:35  Zergling x6  
  111  20:36  Zergling x22  
  111  20:41  Hatchery  
  123  20:47  Zergling x6  
  123  20:49  Queen x2  
  126  20:54  Hatchery  
  120  21:00  Hydralisk x8  
  113  21:11  Baneling x8  
  113  21:12  Baneling x5  
  113  21:23  Baneling x6  
  113  21:36  Extractor, Hydralisk x12  
  113  21:37  Extractor x2, Zergling x6  
  113  21:39  Extractor  
  136  21:42  Grooved Spines  
  136  21:46  Spire  
  135  21:59  Hydralisk x3  
  135  22:00  Hydralisk x5  
  137  22:12  Baneling x7  
  136  22:22  Zergling x10  
  138  22:23  Zergling x10  
  139  22:40  Ultralisk  
  139  22:41  Ultralisk x2  
  157  22:46  Zergling x6  
  152  23:02  Zergling x6  
  118  23:07  Baneling x2  
  118  23:11  Greater Spire  
  110  23:14  Extractor  
  110  23:15  Extractor  
  108  23:29  Baneling  
  108  23:30  Baneling  
  108  23:32  Baneling x6  
  106  23:45  Spire  
  106  23:47  Zergling x18  
  95  23:53  Zergling x2  
  95  23:54  Zergling x4  
  94  24:07  Baneling  
  94  24:08  Baneling x10  
  94  24:10  Extractor  
  93  24:22  Corruptor x3  
  99  24:38  Baneling x13  
  99  24:39  Hatchery  
  99  24:40  Infestor  
  99  24:44  Hatchery  
  99  24:55  Brood Lord  
  99  24:56  Brood Lord x2  
  81  25:08  Zergling x2  
  81  25:09  Zergling x44  
  90  25:28  Baneling x13  
  90  25:30  Drone  
  91  25:40  Drone  
  92  25:59  Drone x3  
  95  26:10  Baneling x4  
  95  26:11  Drone  
  95  26:12  Drone  
Show
View Real Time Build Order
Export as new Build Order

ViBE Terran - Winner!

Build Orders:  

Get SALT Encoding   

  12  0:00  SCV  
  13  0:12  SCV  
  14  0:17  Supply Depot  
  14  0:25  SCV  
  15  0:39  SCV  
  16  0:44  Barracks  
  16  0:47  Refinery  
  16  0:51  SCV  
  17  1:03  SCV  
  18  1:15  SCV  
  19  1:27  SCV  
  20  1:34  Marine  
  20  1:39  Command Center  
  21  1:50  Orbital Command  
  21  1:56  Supply Depot  
  21  2:17  Barracks Reactor, Factory  
  21  2:22  SCV, Supply Depot  
  22  2:34  SCV  
  23  2:46  SCV  
  24  2:55  Orbital Command  
  25  2:58  SCV  
  25  2:59  Marine  
  25  3:00  Marine  
  25  3:01  Refinery, Factory Tech Lab  
  25  3:02  Barracks  
  27  3:07  Supply Depot  
  27  3:10  SCV  
  28  3:22  SCV x2  
  30  3:30  Supply Depot  
  30  3:33  Siege Tank  
  30  3:34  Marine x2, SCV x2  
  37  3:46  SCV  
  38  3:51  SCV  
  38  3:52  Barracks Tech Lab  
  38  3:53  Supply Depot  
  38  3:54  Starport  
  39  3:57  Marine x2  
  39  3:58  SCV  
  39  4:14  Marine  
  39  4:15  Marine  
  28  4:20  Siege Tank  
  28  4:21  Marine  
  30  4:25  SCV x2  
  32  4:32  Marine x2  
  32  4:38  SCV x2  
  31  4:50  SCV x2  
  25  4:57  Supply Depot x2  
  25  5:04  SCV  
  25  5:06  SCV  
  27  5:16  SCV  
  27  5:19  SCV  
  29  5:25  Starport Reactor  
  29  5:28  SCV  
  29  5:31  SCV  
  29  5:35  Marine x3  
  31  5:41  SCV  
  35  5:43  SCV  
  36  5:53  SCV  
  36  5:54  Marine x3, Command Center  
  36  5:55  SCV  
  41  6:05  SCV  
  41  6:07  SCV  
  41  6:08  Medivac x2  
  47  6:17  SCV  
  48  6:19  SCV, Stimpack  
  48  6:24  Supply Depot  
  49  6:26  Marine x2  
  49  6:27  Marine, Supply Depot  
  49  6:29  SCV  
  49  6:31  SCV  
  54  6:41  SCV  
  54  6:43  SCV  
  56  6:48  Refinery x2  
  56  6:53  Marine x3, SCV  
  60  6:55  SCV  
  60  7:01  Supply Depot  
  61  7:05  SCV  
  61  7:06  Orbital Command  
  61  7:07  SCV, Engineering Bay x2  
  63  7:16  Marine x3  
  63  7:17  SCV  
  63  7:20  SCV, Medivac x2  
  72  7:29  SCV  
  73  7:32  SCV  
  73  7:33  SCV  
  73  7:34  Barracks x2  
  73  7:35  Barracks  
  73  7:36  Marine  
  76  7:39  Marine  
  76  7:41  Marine  
  76  7:42  SCV  
  76  7:44  SCV, Terran Infantry Weapons Level 1  
  80  7:45  SCV  
  80  7:47  Terran Infantry Armor Level 1  
  80  7:49  Orbital Command  
  81  7:54  SCV  
  81  7:56  SCV  
  84  8:03  Marine x3  
  84  8:04  Medivac x2  
  90  8:16  SCV x3  
  93  8:20  Marine  
  93  8:21  Marine, Armory  
  95  8:27  Barracks Reactor x3  
  95  8:28  Marine, SCV x3  
  95  8:29  Combat Shield  
  99  8:37  Supply Depot x2  
  99  8:38  Marine, Supply Depot  
  99  8:39  Marine  
  99  8:40  SCV x3  
  104  8:52  Marine, SCV x3  
  104  8:55  Medivac  
  109  8:56  Marine  
  109  8:58  Medivac  
  105  9:04  SCV x3  
  98  9:13  Marine x8  
  98  9:14  Command Center  
  98  9:15  Marine  
  98  9:16  Terran Vehicle Weapons Level 1  
  107  9:20  Refinery  
  107  9:21  Refinery  
  107  9:23  Supply Depot  
  107  9:31  Thor  
  107  9:32  Medivac x2  
  107  9:34  SCV x3  
  120  9:46  Marine x6, SCV x3  
  120  9:47  Marine x3  
  120  9:51  Supply Depot  
  132  9:53  Supply Depot  
  132  9:58  SCV  
  133  10:00  Supply Depot  
  133  10:03  Supply Depot  
  133  10:04  Marine x4  
  141  10:12  Marine  
  141  10:13  Terran Infantry Armor Level 2, Terran Infantry Weapons Level 2  
  142  10:21  SCV x3  
  144  10:22  Marine x2  
  144  10:26  Marine x2  
  144  10:28  Marine x2  
  146  10:34  Command Center  
  145  10:38  Barracks  
  145  10:41  Barracks  
  145  10:43  Marine x2  
  147  10:50  Marine  
  147  10:51  Marine x6  
  147  10:52  Thor  
  147  10:53  Medivac x2  
  164  11:01  Marine x2  
  166  11:04  Supply Depot  
  166  11:05  Supply Depot  
  166  11:08  Marine x4  
  170  11:11  Marine  
  170  11:12  Marine x2  
  173  11:26  Marine  
  173  11:27  Marine x4  
  173  11:29  Barracks Reactor x2  
  179  11:34  Supply Depot x2  
  179  11:38  Marine x2  
  182  11:43  Supply Depot  
  182  11:44  Marine  
  182  11:45  Marine  
  185  11:48  Marine  
  185  11:53  Marine  
  179  11:55  Medivac x2  
  179  11:56  Marine, SCV x3  
  179  11:59  Marine  
  194  12:02  Marine x2  
  194  12:06  Marine  
  196  12:10  SCV  
  196  12:11  Marine, SCV x2  
  196  12:14  Marine, Terran Vehicle Weapons Level 2  
  196  12:15  Thor  
  200  12:17  Marine  
  200  12:21  Planetary Fortress  
  200  12:44  Marine x10  
  200  12:55  Command Center  
  200  13:03  Barracks  
  200  13:05  Barracks  
  157  13:06  SCV x4, Barracks  
  157  13:08  Barracks x2  
  157  13:10  Barracks  
  157  13:12  Factory  
  125  13:14  Starport  
  125  13:18  SCV x3  
  127  13:23  Marine x3  
  127  13:24  Marine x3  
  127  13:27  Marauder  
  150  13:41  Marine  
  150  13:44  Marine  
  150  13:45  Marine x5  
  150  13:46  Thor  
  151  13:49  Medivac x2  
  151  13:57  Factory Tech Lab, Starport Reactor  
  151  13:59  Barracks Tech Lab x3  
  151  14:00  Barracks Reactor, Barracks Tech Lab x2  
  151  14:02  Marine  
  151  14:03  Marine x2  
  151  14:07  Planetary Fortress  
  151  14:09  Marauder  
  156  14:10  Marine x9  
  165  14:20  Marine, Marauder x5  
  165  14:21  Marine x2  
  178  14:28  Marine x4  
  178  14:30  Marauder  
  184  14:34  Command Center  
  184  14:41  Marauder  
  184  14:44  Orbital Command  
  179  15:01  Marine x7, Marauder x4  
  200  15:22  Marine, Marauder  
  200  15:23  Marine x3  
  200  15:25  Terran Vehicle Weapons Level 3  
  188  15:37  Marine x2, Marauder x5  
  188  15:42  SCV x4  
  163  15:45  Planetary Fortress  
  163  15:46  Terran Infantry Weapons Level 3  
  170  15:54  SCV  
  170  15:55  Marine x2  
  173  15:58  Marine x2, Marauder x3  
  173  15:59  Marine x2, Thor  
  173  16:02  Marine x2  
  193  16:05  Marine x5  
  193  16:07  Terran Infantry Armor Level 3  
  193  16:09  Marine x2  
  193  16:16  Marine x2  
  193  16:17  Marine x3  
  200  16:20  Thor  
  200  16:35  Command Center  
  200  16:38  Marine x2  
  200  17:22  Command Center  
  198  17:27  Marine x14, Marauder x5  
  198  17:28  Thor x2  
  145  17:45  Marine x14  
  145  17:48  Marauder x4  
  145  17:49  Marauder x2  
  145  17:50  SCV  
  170  18:02  Marine  
  170  18:03  Marine x13  
  184  18:10  Marauder x6  
  196  18:27  Marine x4  
  200  18:36  Command Center  
  184  18:44  SCV x4, Marauder x3  
  191  18:56  SCV  
  192  19:05  Marauder  
  192  19:09  SCV x4  
  196  19:11  Planetary Fortress  
  189  19:21  SCV x3  
  189  19:22  Command Center  
  180  19:27  Marine x7, Marauder x4  
  180  19:28  SCV  
  180  19:30  Neosteel Armor, Hi-Sec Auto Tracking  
  196  19:31  Terran Vehicle And Ship Armor Level 1  
  196  19:33  SCV x3  
  190  19:40  Thor, SCV  
  190  19:42  Medivac  
  190  19:45  SCV  
  197  19:47  Planetary Fortress  
  197  19:49  SCV x2  
  197  19:50  SCV  
  200  20:01  Thor  
  200  20:03  Medivac  
  200  20:04  Medivac  
  169  20:12  Marine x4, Marauder x5  
  189  20:30  Marine  
  189  20:33  Marine x4, Marauder  
  181  20:36  Marine x9, Marauder x5  
  195  20:57  Marauder x2  
  164  21:05  Marine, Marauder x3  
  164  21:06  Marine x13, Marauder  
  164  21:08  Thor  
  196  21:17  Planetary Fortress  
  196  21:18  Marine x2  
  200  21:30  Terran Vehicle And Ship Armor Level 2  
  200  21:45  Marine x2  
  200  21:48  Refinery x2  
  200  21:54  Refinery  
  200  21:56  Refinery  
  193  22:02  Marauder x2  
  200  22:11  Thor  
  200  22:24  Marine, Marauder  
  186  22:47  Marine x2, Marauder x6  
  198  23:01  Thor  
  198  23:03  Marine x11  
  198  23:04  Marine  
  198  23:05  Marine  
  156  23:06  Medivac x2  
  156  23:08  Marine  
  156  23:09  Marauder x4  
  150  23:21  Marine x2  
  150  23:23  Thor  
  150  23:25  Marine  
  150  23:26  Marine x4  
  150  23:27  Medivac x2, Marauder  
  162  23:30  Marine, Marauder x4  
  169  23:34  Barracks  
  169  23:35  Barracks  
  169  23:37  Barracks  
  169  23:39  Marine x2  
  166  23:42  Marine x3  
  166  23:43  Marine  
  166  23:47  Marine  
  162  23:51  Marauder  
  164  24:00  Marine  
  164  24:02  Marine x12, Marauder x5  
  165  24:03  Thor  
  165  24:05  Marine, Medivac  
  165  24:06  Medivac  
  191  24:18  Marine  
  191  24:20  Marine  
  200  24:26  Medivac  
  200  24:27  Medivac  
  200  24:41  Marine x4  
  200  24:46  Thor  
  200  24:53  Marauder  
  200  24:55  Marine x2  
  200  24:56  Marine  
  200  24:59  Marauder  
  175  25:00  Marine x10, Marauder x4  
  175  25:02  Thor  
  175  25:03  Medivac x2  
  175  25:04  Medivac x2  
  142  25:17  Barracks Reactor, Barracks Tech Lab x2  
  142  25:18  Marine x3  
  142  25:19  Marine x6, Marauder  
  142  25:20  Marine x5  
  142  25:21  Marauder x5  
  159  25:32  Thor  
  165  25:35  Marine  
  165  25:36  Marine x2  
  165  25:37  Marine  
  165  25:40  Marauder  
  165  25:42  Marauder  
  177  25:43  Marine x4, Marauder x4  
  177  25:44  Marine x5, Marauder x2  
  177  25:47  Thor  
Tags
 
Add a new tag
Caveats
  • Supply blocks, unpowered buildings, or Contaminate may cause inaccurate times.
  • Supply counts are checked every 10 seconds.